[Event "XIX Najdorf Memorial 2019"]
[Site "Warsaw"]
[Date "2019.07.10"]
[Round "5.9"]
[White "Gukesh D"]
[Black "Tomaszewski, Kacper"]
[Result "0-1"]
[ECO "A10"]
[WhiteElo "2520"]
[BlackElo "2346"]
[Annotator "ChessBase"]
[PlyCount "48"]
[EventDate "2019.07.06"]
[EventType "swiss"]
[EventCountry "POL"]
[SourceTitle "playchess.com"]
[Source "ChessBase"]
[SourceQuality "1"]
[TimeControl "40/5400+30:1800+30"]

1. c4 g6 2. Nc3 c5 3. e3 Bg7 4. d4 cxd4 5. exd4 d5 6. Nxd5 e6 7. Nc3 Bxd4 8. Ne4 Nf6 9. Nf3 Nc6 10. Nxd4 Nxe4 11. Be3 Qa5+ 12. Ke2 O-O 13. Nxc6 bxc6 14. f3 Rb8 15. fxe4 Rxb2+ 16. Kf3 f5 17. Qd6 e5 18. Qc5 Qd8 19. Qxe5 fxe4+ 20. Kg3 Rf5 21. Qxe4 Qd6+ 22. Bf4 Rg5+ 23. Kf3 Bg4+ 24. Kg3 Bf5+ 0-1

[Event "XIX Najdorf Memorial 2019"]
[Site "Warsaw"]
[Date "2019.07.10"]
[Round "5.9"]
[White "Zylka, Stanislaw"]
[Black "Harazinska, Magdalena"]
[Result "1-0"]
[ECO "A37"]
[WhiteElo "2308"]
[BlackElo "2004"]
[Annotator "NA"]
[PlyCount "59"]
[EventDate "2019.07.06"]
[EventType "swiss"]
[EventCountry "POL"]
[SourceTitle "playchess.com"]
[Source "ChessBase"]
[SourceQuality "1"]
[TimeControl "40/5400+30:1800+30"]

1. c4 c5 2. Nf3 Nc6 3. Nc3 g6 4. g3 Bg7 5. Bg2 e6 6. d4 Nxd4 7. Nxd4 cxd4 8. Ne4 Qc7 9. c5 Ne7 10. Nd6+ Kf8 11. b4 Nf5 12. Nxf5 gxf5 13. Bb2 a5 14. O-O d5 15. cxd6 Qxd6 16. b5 a4 17. Qd2 Ke7 18. Rad1 Rd8 19. e3 a3 20. Bxd4 Bxd4 21. exd4 Ra4 22. Qg5+ Kf8 23. d5 e5 24. Rfe1 f6 25. Qh5 Kg7 26. Bh3 Qc5 27. Rxe5 Rb4 28. Re3 Rb2 29. Rde1 Rd7 30. Bxf5 1-0

[Event "XIX Najdorf Memorial 2019"]
[Site "Warsaw"]
[Date "2019.07.10"]
[Round "5.10"]
[White "Sieciechowicz, Marcin"]
[Black "Janik, Igor"]
[Result "1-0"]
[ECO "E46"]
[WhiteElo "2399"]
[BlackElo "2495"]
[Annotator "ChessBase"]
[PlyCount "61"]
[EventDate "2019.07.06"]
[EventType "swiss"]
[EventCountry "POL"]
[SourceTitle "playchess.com"]
[Source "ChessBase"]
[SourceQuality "1"]
[TimeControl "40/5400+30:1800+30"]

1. d4 Nf6 2. c4 e6 3. Nc3 Bb4 4. e3 O-O 5. Bd2 b6 6. Nf3 d5 7. cxd5 exd5 8. Bd3 Ba6 9. Bxa6 Nxa6 10. O-O Re8 11. h3 Bf8 12. Rc1 c5 13. dxc5 bxc5 14. Ne2 Qb6 15. Bc3 Rad8 16. Qa4 Re4 17. Qc2 Nb4 18. Bxb4 Rxb4 19. b3 a5 20. Nc3 d4 21. Na4 Qb5 22. exd4 cxd4 23. Rfd1 d3 24. Qc7 Rd7 25. Qc8 Qd5 26. Rc5 Qd6 27. Rxa5 Rb8 28. Qc4 Re8 29. Ra6 Qb8 30. Rxf6 Rc7 31. Rc6 1-0

[Event "XIX Najdorf Memorial 2019"]
[Site "Warsaw"]
[Date "2019.07.10"]
[Round "5.10"]
[White "AlHuwar, Jasem"]
[Black "Miroshnichenko, Pavel"]
[Result "1-0"]
[ECO "A06"]
[WhiteElo "2255"]
[BlackElo "2300"]
[Annotator "NA RC"]
[PlyCount "119"]
[EventDate "2019.07.06"]
[EventType "swiss"]
[EventCountry "POL"]
[SourceTitle "playchess.com"]
[Source "ChessBase"]
[SourceQuality "1"]
[TimeControl "40/5400+30:1800+30"]

1. Nf3 d5 2. g3 g6 3. Bg2 Bg7 4. O-O e5 5. c4 c6 6. d3 Ne7 7. e4 O-O 8. b3 d4 9. Ba3 a5 10. c5 h6 11. Nbd2 Be6 12. Qc2 Nd7 13. Nc4 Qc7 14. Nfd2 f5 15. Bh3 Rad8 16. b4 axb4 17. Bxb4 Ra8 18. a4 Kh7 19. Nd6 Nc8 20. N2c4 Nxd6 21. Nxd6 Rf6 22. exf5 Bxf5 23. Bg2 Be6 24. a5 Bd5 25. Ne4 Rff8 26. Rab1 Bxe4 27. dxe4 Nf6 28. Rb3 Rf7 29. Rfb1 Rd8 30. Be1 Qc8 31. Qc4 Re7 32. Qf1 Qa8 33. Qc4 Red7 34. Rd3 Ne8 35. Bh3 Re7 36. Rdb3 Nf6 37. f3 h5 38. Bf1 Bh6 39. Bd3 Rg7 40. Rb6 Rf8 41. Kg2 Qc8 42. a6 bxa6 43. Qxa6 Rc7 44. Qxc8 Rfxc8 45. Rb7 Bf8 46. Ba5 Rg7 47. Rxg7+ Bxg7 48. Rb7 g5 49. Bc7 Re8 50. Bd6 Kg6 51. Bc4 Rd8 52. Be6 Ne8 53. Bf5+ Kh6 54. Bxe5 d3 55. h4 d2 56. hxg5+ Kxg5 57. Bf4+ Kf6 58. g4 hxg4 59. fxg4 Nc7 60. Rxc7 1-0

[Event "XIX Najdorf Memorial 2019"]
[Site "Warsaw"]
[Date "2019.07.10"]
[Round "5.11"]
[White "Goluch, Piotr"]
[Black "Popovic, Dusan"]
[Result "1/2-1/2"]
[ECO "A40"]
[WhiteElo "2386"]
[BlackElo "2487"]
[Annotator "ChessBase"]
[PlyCount "35"]
[EventDate "2019.07.06"]
[EventType "swiss"]
[EventCountry "POL"]
[SourceTitle "playchess.com"]
[Source "ChessBase"]
[SourceQuality "1"]
[TimeControl "40/5400+30:1800+30"]

1. d4 g6 2. c4 Bg7 3. Nf3 d6 4. g3 Nd7 5. Bg2 e5 6. Nc3 Ne7 7. h4 h6 8. h5 g5 9. d5 f5 10. e4 Nc5 11. Nh2 O-O 12. Be3 Nxe4 13. Nxe4 fxe4 14. g4 c6 15. O-O cxd5 16. cxd5 Kh8 17. Bxe4 Ng8 18. Qd2 1/2-1/2

[Event "XIX Najdorf Memorial 2019"]
[Site "Warsaw"]
[Date "2019.07.10"]
[Round "5.12"]
[White "Mosesov, Danylo"]
[Black "Gagare, Shardul"]
[Result "1/2-1/2"]
[ECO "D52"]
[WhiteElo "2353"]
[BlackElo "2476"]
[Annotator "ChessBase"]
[PlyCount "41"]
[EventDate "2019.07.06"]
[EventType "swiss"]
[EventCountry "POL"]
[SourceTitle "playchess.com"]
[Source "ChessBase"]
[SourceQuality "1"]
[TimeControl "40/5400+30:1800+30"]

1. d4 Nf6 2. c4 c6 3. Nc3 d5 4. Nf3 e6 5. Bg5 Nbd7 6. e3 Qa5 7. Nd2 Bb4 8. Qc2 O-O 9. Be2 dxc4 10. Bxf6 Nxf6 11. Nxc4 Qc7 12. O-O b6 13. a3 Be7 14. b4 Bb7 15. Ne5 Rfc8 16. Rfc1 Bd6 17. f4 Qe7 18. Bf3 Nd5 19. Qd2 f6 20. Nc4 Bc7 21. Rab1 1/2-1/2

[Event "XIX Najdorf Memorial 2019"]
[Site "Warsaw"]
[Date "2019.07.10"]
[Round "5.13"]
[White "Sliwicki, Damian"]
[Black "Klekowski, Maciej"]
[Result "0-1"]
[ECO "B40"]
[WhiteElo "2232"]
[BlackElo "2482"]
[Annotator "ChessBase"]
[PlyCount "68"]
[EventDate "2019.07.06"]
[EventType "swiss"]
[EventCountry "POL"]
[SourceTitle "playchess.com"]
[Source "ChessBase"]
[SourceQuality "1"]
[TimeControl "40/5400+30:1800+30"]

1. e4 c5 2. Nf3 e6 3. c4 Nc6 4. Nc3 Nf6 5. Be2 d5 6. exd5 exd5 7. d4 cxd4 8. Nxd4 dxc4 9. Ndb5 a6 10. Qxd8+ Kxd8 11. Na3 b5 12. Bg5 Be6 13. Bf3 Kc7 14. Bf4+ Kb6 15. Nc2 Rd8 16. O-O Bc5 17. a4 Nd5 18. a5+ Kb7 19. Bxd5 Bxd5 20. Rfd1 Be6 21. Ne4 Be7 22. Nd6+ Bxd6 23. Rxd6 Rxd6 24. Bxd6 Rd8 25. Bf4 Nxa5 26. h3 Nb3 27. Re1 a5 28. Re5 Rd1+ 29. Kh2 Kc6 30. Rh5 h6 31. Be5 Rd5 32. Ne3 Rc5 33. f4 f6 34. f5 Rxe5 0-1

[Event "XIX Najdorf Memorial 2019"]
[Site "Warsaw"]
[Date "2019.07.10"]
[Round "5.14"]
[White "Galperin, Platon"]
[Black "Dzida, Kamil"]
[Result "1-0"]
[ECO "A28"]
[WhiteElo "2445"]
[BlackElo "1987"]
[Annotator "NA RC"]
[PlyCount "83"]
[EventDate "2019.07.06"]
[EventType "swiss"]
[EventCountry "POL"]
[SourceTitle "playchess.com"]
[Source "ChessBase"]
[SourceQuality "1"]
[TimeControl "40/5400+30:1800+30"]

1. c4 Nf6 2. Nc3 e5 3. Nf3 Nc6 4. e3 Bb4 5. Qc2 O-O 6. Nd5 Be7 7. a3 d6 8. Be2 Re8 9. Nxe7+ Qxe7 10. d3 a5 11. b3 Nd8 12. Bb2 c5 13. O-O Nc6 14. Rfe1 Bg4 15. h3 Bh5 16. Qd2 Rad8 17. Rac1 d5 18. cxd5 Rxd5 19. Qc2 b6 20. Qc4 Rd6 21. Qb5 Nd7 22. g3 Rd8 23. Kg2 Qe8 24. g4 Bg6 25. Nh4 Qe7 26. Nxg6 Rxg6 27. Bf3 Na7 28. Qa6 Nb8 29. Qc4 Rgd6 30. d4 e4 31. Be2 Nd7 32. Qa4 Qh4 33. b4 Rf6 34. Rf1 Rh6 35. Rh1 Rf6 36. Rcf1 c4 37. Qc2 Re8 38. Qxc4 h5 39. Qc7 Rc8 40. Qxd7 Kh7 41. Qd5 Rg6 42. Qxe4 1-0

[Event "XIX Najdorf Memorial 2019"]
[Site "Warsaw"]
[Date "2019.07.10"]
[Round "5.14"]
[White "Kopylov, Daniel"]
[Black "Terletsky, Oleg"]
[Result "1/2-1/2"]
[ECO "C47"]
[WhiteElo "2209"]
[BlackElo "2408"]
[Annotator "RC"]
[PlyCount "155"]
[EventDate "2019.07.06"]
[EventType "swiss"]
[EventCountry "POL"]
[SourceTitle "playchess.com"]
[Source "ChessBase"]
[SourceQuality "1"]
[TimeControl "40/5400+30:1800+30"]

1. e4 e5 2. Nf3 Nc6 3. Nc3 Nf6 4. d4 exd4 5. Nxd4 Bb4 6. Nxc6 bxc6 7. Bd3 O-O 8. O-O d5 9. exd5 cxd5 10. Bg5 c6 11. Qf3 h6 12. Bxf6 Qxf6 13. Qxf6 gxf6 14. Ne2 Bc5 15. Ng3 Rb8 16. b3 Re8 17. Rfe1 Re5 18. c3 Bd7 19. Kf1 Rbe8 20. Bf5 Be6 21. Bd3 Bd6 22. Nf5 Bxf5 23. Bxf5 R8e7 24. Bd3 Ba3 25. Rab1 a5 26. Re2 c5 27. Rbe1 d4 28. cxd4 cxd4 29. Re4 Bb4 30. R1e2 Rc7 31. g3 Rc1+ 32. Kg2 Bc3 33. Rxe5 fxe5 34. Rxe5 Rd1 35. Be2 Rd2 36. Bc4 Rd1 37. Rd5 Kf8 38. h4 Ke7 39. Kf3 f6 40. a4 Re1 41. Rh5 Bd2 42. Be2 Rb1 43. Rb5 Bb4 44. Bc4 Rb2 45. Rb7+ Ke8 46. Rb6 d3 47. Bxd3 Rxf2+ 48. Ke4 Rg2 49. Rxf6 Rxg3 50. Rxh6 Kf7 51. Rh7+ Kf6 52. h5 Rh3 53. Bc4 Kg5 54. Bf7 Rc3 55. Be6 Rc1 56. Bc4 Re1+ 57. Kd5 Re7 58. Rh8 Bc3 59. Rc8 Bb4 60. Rb8 Be1 61. Rb5 Kh6 62. Kc6 Rg7 63. Bd3 Rg5 64. Bg6 Rg3 65. Kd5 Re3 66. Kd4 Bf2 67. Rxa5 Rxb3+ 68. Ke4 Rb7 69. Rf5 Bh4 70. Rf8 Rb4+ 71. Kf5 Rxa4 72. Rf7 Ra5+ 73. Kf4 Bg5+ 74. Kg4 Ra4+ 75. Kg3 Ra3+ 76. Kf2 Be3+ 77. Ke2 Bd4 78. Rh7+ 1/2-1/2

[Event "XIX Najdorf Memorial 2019"]
[Site "Warsaw"]
[Date "2019.07.10"]
[Round "5.15"]
[White "Krishna Teja, N."]
[Black "Malovanyi, Yulian"]
[Result "1/2-1/2"]
[ECO "D07"]
[WhiteElo "2368"]
[BlackElo "2204"]
[Annotator "NA RC"]
[PlyCount "108"]
[EventDate "2019.07.06"]
[EventType "swiss"]
[EventCountry "POL"]
[SourceTitle "playchess.com"]
[Source "ChessBase"]
[SourceQuality "1"]
[TimeControl "40/5400+30:1800+30"]

1. d4 d5 2. c4 Nc6 3. Nf3 Bg4 4. cxd5 Bxf3 5. gxf3 Qxd5 6. e3 e5 7. Nc3 Bb4 8. Bd2 Bxc3 9. bxc3 Nf6 10. Rb1 exd4 11. cxd4 O-O 12. Bg2 Rfe8 13. O-O Rad8 14. Qb3 Qg5 15. f4 Qg6 16. Rfc1 Ne4 17. Qc2 Rxd4 18. Be1 Rd6 19. Rxb7 Rde6 20. Rxc7 Ne7 21. Qa4 Nf5 22. Rc8 Ned6 23. Rxe8+ Rxe8 24. Qc6 h5 25. Rd1 Re6 26. Bb4 Kh7 27. Bxd6 Nh4 28. f5 Nxf5 29. Qf3 Rxd6 30. Rxd6 Nxd6 31. h3 Nf5 32. Qf4 Qe6 33. Be4 g6 34. Bxf5 gxf5 35. a4 Kg6 36. h4 f6 37. Qg3+ Kh6 38. Qc7 Qe4 39. Qf4+ Kg6 40. Kf1 Qd3+ 41. Ke1 Qc3+ 42. Ke2 Qc2+ 43. Kf3 Qd1+ 44. Kg2 Qd5+ 45. Kg3 Qd1 46. Qf3 Qxa4 47. Qa8 Qg4+ 48. Kh2 Qxh4+ 49. Kg1 Qg4+ 50. Kh2 Qc4 51. Qxa7 f4 52. Qe7 f3 53. e4 Qf1 54. Qe8+ Kg7 1/2-1/2

[Event "XIX Najdorf Memorial 2019"]
[Site "Warsaw"]
[Date "2019.07.10"]
[Round "5.15"]
[White "Goslawski, Michal"]
[Black "Socko, Monika"]
[Result "1-0"]
[ECO "E62"]
[WhiteElo "2091"]
[BlackElo "2443"]
[Annotator "NA"]
[PlyCount "97"]
[EventDate "2019.07.06"]
[EventType "swiss"]
[EventCountry "POL"]
[SourceTitle "playchess.com"]
[Source "ChessBase"]
[SourceQuality "1"]
[TimeControl "40/5400+30:1800+30"]

1. Nf3 Nf6 2. c4 g6 3. g3 Bg7 4. Bg2 O-O 5. O-O d6 6. d4 Nc6 7. Nc3 Bg4 8. d5 Na5 9. Nd2 c5 10. Qc2 a6 11. Re1 Bd7 12. b3 b5 13. Bb2 Rb8 14. Rab1 Qc7 15. Nd1 bxc4 16. bxc4 Rb4 17. Bc3 Rxb1 18. Qxb1 Ng4 19. Bxg7 Kxg7 20. Qc2 f6 21. Nb2 Rb8 22. h3 Ne5 23. f4 Nf7 24. Nd3 e5 25. dxe6 Bxe6 26. Qc3 Nc6 27. Ne4 Qe7 28. g4 d5 29. cxd5 Bxd5 30. Ndxc5 Bxe4 31. Nxe4 Nb4 32. Rd1 Rd8 33. Rxd8 Nxd8 34. g5 Nd5 35. gxf6+ Nxf6 36. Qxf6+ Qxf6 37. Nxf6 Kxf6 38. Bd5 g5 39. fxg5+ Kxg5 40. Kf2 Kf4 41. e4 a5 42. a4 h6 43. Kg2 h5 44. Kf2 h4 45. Kg2 Ke3 46. e5 Kd4 47. e6 Nxe6 48. Bxe6 Ke3 49. Bg4 1-0

[Event "XIX Najdorf Memorial 2019"]
[Site "Warsaw"]
[Date "2019.07.10"]
[Round "5.16"]
[White "Malek, Daniel"]
[Black "Sowul, Bartosz"]
[Result "1/2-1/2"]
[ECO "A58"]
[WhiteElo "2362"]
[BlackElo "2210"]
[Annotator "NA"]
[PlyCount "115"]
[EventDate "2019.07.06"]
[EventType "swiss"]
[EventCountry "POL"]
[SourceTitle "playchess.com"]
[Source "ChessBase"]
[SourceQuality "1"]
[TimeControl "40/5400+30:1800+30"]

1. d4 Nf6 2. c4 c5 3. d5 b5 4. cxb5 a6 5. bxa6 g6 6. Nc3 Bg7 7. e4 O-O 8. e5 Ne8 9. h4 d6 10. e6 Nf6 11. exf7+ Rxf7 12. Nf3 Nxa6 13. Ng5 Rf8 14. Bc4 Nb4 15. Be3 Ng4 16. a3 Nxe3 17. fxe3 Qb6 18. Rc1 Be5 19. Nf3 Bg3+ 20. Ke2 Ba6 21. Qb3 Nxd5 22. Kd2 Qxb3 23. Bxb3 c4 24. Nxd5 cxb3 25. Nc7 Ra7 26. Nxa6 Rxa6 27. Rc3 Rb6 28. Rhc1 Rbb8 29. Rc7 e5 30. Re7 Rbc8 31. Rc3 d5 32. Nxe5 Rf2+ 33. Kd3 Rb8 34. Rcc7 Bxe5 35. Rxe5 Rxb2 36. Ree7 Ra2 37. Rg7+ Kf8 38. Rxh7 Kg8 39. Rcg7+ Kf8 40. Ra7 Kg8 41. Rhg7+ Kf8 42. Rgf7+ Ke8 43. Rh7 Rf2 44. Rhb7 Rd8 45. Rxb3 Rxg2 46. Rbb7 Kf8 47. Kd4 Rg4+ 48. Ke5 Re4+ 49. Kf6 Rd6+ 50. Kg5 Rxe3 51. Rh7 Re5+ 52. Kf4 Re4+ 53. Kg5 Re5+ 54. Kf4 Re4+ 55. Kg3 Kg8 56. Rag7+ Kf8 57. Rf7+ Kg8 58. Rfg7+ 1/2-1/2

[Event "XIX Najdorf Memorial 2019"]
[Site "Warsaw"]
[Date "2019.07.10"]
[Round "5.20"]
[White "Hassan, Abdullah"]
[Black "Lisowski, Krzysztof"]
[Result "0-1"]
[ECO "A46"]
[WhiteElo "2311"]
[BlackElo "2187"]
[Annotator "NA"]
[PlyCount "88"]
[EventDate "2019.07.06"]
[EventType "swiss"]
[EventCountry "POL"]
[SourceTitle "playchess.com"]
[Source "ChessBase"]
[SourceQuality "1"]
[TimeControl "40/5400+30:1800+30"]

1. d4 Nf6 2. Nf3 e6 3. e3 b6 4. Bd3 Bb7 5. O-O d5 6. b3 Nbd7 7. Bb2 Be7 8. c4 O-O 9. Nc3 c5 10. Rc1 Rc8 11. cxd5 exd5 12. Qe2 Ne4 13. Rfd1 Re8 14. dxc5 Bxc5 15. Bxe4 dxe4 16. Nd4 Qf6 17. Na4 Bf8 18. Rxc8 Rxc8 19. Nb5 Qf5 20. Nxa7 Ra8 21. Qb5 Qxb5 22. Nxb5 Bc6 23. Nc7 Rc8 24. Nd5 Bxa4 25. bxa4 Rc2 26. Bd4 Rxa2 27. Ra1 Rxa1+ 28. Bxa1 Bc5 29. Kf1 f5 30. Ke2 Kf7 31. Kd1 g6 32. Kc2 Ke6 33. Nf4+ Kd6 34. Kb3 Ne5 35. Bxe5+ Kxe5 36. Kc4 g5 37. Nd5 Kd6 38. g4 f4 39. exf4 gxf4 40. Nf6 Ke5 41. g5 Bxf2 42. Ng4+ Kf5 43. Nxf2 e3 44. Nd3 f3 0-1

[Event "XIX Najdorf Memorial 2019"]
[Site "Warsaw"]
[Date "2019.07.10"]
[Round "5.21"]
[White "Punin, Andrii"]
[Black "Shkliar, Boris"]
[Result "1-0"]
[ECO "A04"]
[WhiteElo "2305"]
[BlackElo "2160"]
[Annotator "NA"]
[PlyCount "141"]
[EventDate "2019.07.06"]
[EventType "swiss"]
[EventCountry "POL"]
[SourceTitle "playchess.com"]
[Source "ChessBase"]
[SourceQuality "1"]
[TimeControl "40/5400+30:1800+30"]

1. Nf3 f5 2. d3 d5 3. g3 Nc6 4. d4 Nf6 5. Bg2 e6 6. c4 Bb4+ 7. Bd2 Bxd2+ 8. Nbxd2 O-O 9. O-O Bd7 10. cxd5 exd5 11. Qb3 Qe7 12. e3 Kh8 13. Qxb7 Rab8 14. Qa6 Rxb2 15. Nb3 Ne4 16. Rab1 Rxb1 17. Rxb1 Rb8 18. Rc1 Rb6 19. Qf1 Be8 20. Nfd2 Nb4 21. Nxe4 fxe4 22. Nc5 Nxa2 23. Ra1 Rb2 24. Rb1 Rc2 25. Bh3 h6 26. Bf5 Qf8 27. Qh3 Rc1+ 28. Rxc1 Nxc1 29. g4 Qe7 30. Qf1 Na2 31. Qb1 g6 32. Be6 Nc3 33. Qb8 Kg7 34. Qxa7 Bf7 35. Bxf7 Qxf7 36. Qxc7 Qxc7 37. Ne6+ Kf6 38. Nxc7 Kg5 39. h3 h5 40. gxh5 gxh5 41. Ne6+ Kh4 42. Nf4 Na2 43. Nxd5 Kxh3 44. Nf6 Nc3 45. Nxh5 Kg4 46. Nf6+ Kf3 47. Kf1 Nb5 48. Nd7 Kg4 49. Nc5 Nc3 50. Kg2 Kf5 51. f3 exf3+ 52. Kxf3 Nb5 53. e4+ Kf6 54. Ke3 Ke7 55. e5 Nc3 56. Kd3 Nd5 57. Na4 Ke6 58. Nc3 Nb6 59. Ke4 Nc4 60. d5+ Ke7 61. Ne2 Nd2+ 62. Kf4 Nb3 63. Kf5 Nd2 64. Nf4 Nc4 65. Ng6+ Kf7 66. d6 Ke8 67. Ke6 Nb6 68. Ne7 Kd8 69. Nd5 Nc4 70. Nf6 Na5 71. Kd5 1-0

[Event "XIX Najdorf Memorial 2019"]
[Site "Warsaw"]
[Date "2019.07.10"]
[Round "5.22"]
[White "Sanz Wawer, Daniel"]
[Black "Deszczynski, Adam"]
[Result "1/2-1/2"]
[ECO "C54"]
[WhiteElo "2154"]
[BlackElo "2304"]
[Annotator "NA"]
[PlyCount "43"]
[EventDate "2019.07.06"]
[EventType "swiss"]
[EventCountry "POL"]
[SourceTitle "playchess.com"]
[Source "ChessBase"]
[SourceQuality "1"]
[TimeControl "40/5400+30:1800+30"]

1. e4 e5 2. Nf3 Nc6 3. Bc4 Bc5 4. c3 Nf6 5. d3 a6 6. Bb3 Ba7 7. O-O d6 8. h3 O-O 9. Nbd2 h6 10. Re1 Be6 11. Nf1 Re8 12. Ng3 d5 13. Qe2 Qd7 14. Kh2 dxe4 15. Bxe6 Rxe6 16. dxe4 Rd8 17. Be3 Qd3 18. Qxd3 Rxd3 19. Bxa7 Nxa7 20. Rad1 Rxd1 21. Rxd1 Nc6 22. Kg1 1/2-1/2

[Event "XIX Najdorf Memorial 2019"]
[Site "Warsaw"]
[Date "2019.07.10"]
[Round "5.23"]
[White "Godzwon, Iwo"]
[Black "Mirski, Michal"]
[Result "1-0"]
[ECO "B47"]
[WhiteElo "2285"]
[BlackElo "2017"]
[Annotator "NA"]
[PlyCount "111"]
[EventDate "2019.07.06"]
[EventType "swiss"]
[EventCountry "POL"]
[SourceTitle "playchess.com"]
[Source "ChessBase"]
[SourceQuality "1"]
[TimeControl "40/5400+30:1800+30"]

1. e4 c5 2. Nf3 e6 3. d4 cxd4 4. Nxd4 Nc6 5. Nc3 Qc7 6. f4 a6 7. Nxc6 Qxc6 8. Bd3 Bc5 9. Qg4 g6 10. Bd2 Nf6 11. Qe2 b5 12. e5 Nd5 13. Nxd5 exd5 14. h4 Bb7 15. h5 O-O-O 16. O-O-O d4 17. Rh2 Qe6 18. Kb1 Bd5 19. b3 d6 20. Re1 dxe5 21. fxe5 Rhe8 22. Qf2 Qc6 23. g3 Rd7 24. hxg6 hxg6 25. Qf4 Qb6 26. Be4 Be6 27. Reh1 a5 28. Rh8 Red8 29. Qf3 a4 30. Bg5 Rxh8 31. Rxh8+ Kc7 32. Bc6 axb3 33. axb3 Qxc6 34. Rc8+ Kxc8 35. Qxc6+ Rc7 36. Qe8+ Kb7 37. Qxb5+ Kc8 38. Bd2 Be7 39. Ba5 Rd7 40. Qc6+ Kb8 41. b4 Rb7 42. Kc1 Ka7 43. b5 Bd7 44. Qa6+ Kb8 45. b6 Be6 46. Qb5 Rd7 47. Qc6 Ba3+ 48. Kd2 Be7 49. Ke1 Ba3 50. Kf2 Be7 51. Bd2 g5 52. Kg1 Bf5 53. Bc1 Be6 54. Bb2 Bd8 55. Ba3 Bxb6 56. Qxb6+ 1-0

[Event "XIX Najdorf Memorial 2019"]
[Site "Warsaw"]
[Date "2019.07.10"]
[Round "5.24"]
[White "Piotrowski, Przemyslaw"]
[Black "Rakshitta Ravi"]
[Result "1-0"]
[ECO "A14"]
[WhiteElo "2273"]
[BlackElo "2112"]
[Annotator "NA"]
[PlyCount "83"]
[EventDate "2019.07.06"]
[EventType "swiss"]
[EventCountry "POL"]
[SourceTitle "playchess.com"]
[Source "ChessBase"]
[SourceQuality "1"]
[TimeControl "40/5400+30:1800+30"]

1. Nf3 Nf6 2. c4 e6 3. g3 d5 4. Bg2 Be7 5. O-O O-O 6. b3 c5 7. cxd5 Nxd5 8. Bb2 Nc6 9. d4 cxd4 10. Nxd4 Nxd4 11. Qxd4 Bf6 12. Qd2 Bxb2 13. Qxb2 Qe7 14. Nc3 Nf6 15. Rfd1 e5 16. Nb5 a6 17. Nd6 Rb8 18. Rac1 Rd8 19. Nc4 Rxd1+ 20. Rxd1 e4 21. Bxe4 Bg4 22. Bd3 Rd8 23. Qe5 Qf8 24. Ne3 Bh3 25. Qf4 h6 26. g4 h5 27. gxh5 Qe7 28. Qh4 Be6 29. h6 g6 30. Qg5 Rd4 31. h7+ Kh8 32. Qe5 Qd8 33. f3 Rd7 34. h4 Kxh7 35. h5 Nd5 36. hxg6+ fxg6 37. Qxe6 Nf4 38. Bxg6+ Kh6 39. Ng4+ Kg5 40. Qxd7 Qb6+ 41. Kf1 Nh3 42. Qd8+ 1-0

[Event "XIX Najdorf Memorial 2019"]
[Site "Warsaw"]
[Date "2019.07.10"]
[Round "5.25"]
[White "Chomczyk, Marek"]
[Black "Golecki, Jan"]
[Result "1-0"]
[ECO "B40"]
[WhiteElo "2270"]
[BlackElo "1947"]
[Annotator "NA"]
[PlyCount "119"]
[EventDate "2019.07.06"]
[EventType "swiss"]
[EventCountry "POL"]
[SourceTitle "playchess.com"]
[Source "ChessBase"]
[SourceQuality "1"]
[TimeControl "40/5400+30:1800+30"]

1. e4 c5 2. Nf3 e6 3. d4 cxd4 4. Nxd4 Nf6 5. Bd3 Nc6 6. Nxc6 dxc6 7. O-O e5 8. Nd2 Bg4 9. f3 Bc5+ 10. Kh1 Be6 11. Nc4 Qc7 12. Be3 Nd7 13. Qe1 b5 14. Nd2 Qb6 15. Bxc5 Nxc5 16. Qg3 O-O 17. Qxe5 Rad8 18. f4 f6 19. Qh5 Nxd3 20. cxd3 Qe3 21. Nf3 Qxd3 22. Rfe1 Rfe8 23. Qc5 Bg4 24. Re3 Qd6 25. Qxd6 Rxd6 26. Rae1 Bxf3 27. gxf3 Rd2 28. R1e2 Red8 29. Kg2 Kf7 30. Kf2 b4 31. Rxd2 Rxd2+ 32. Re2 Rd1 33. Rc2 Ra1 34. b3 Ke7 35. Ke3 Kd6 36. f5 g5 37. fxg6 hxg6 38. h4 Re1+ 39. Re2 Rg1 40. Rd2+ Kc7 41. Rh2 Ra1 42. f4 a5 43. f5 g5 44. h5 Re1+ 45. Kf3 Rf1+ 46. Kg3 Rg1+ 47. Kf2 Rd1 48. h6 Rd8 49. Kf3 Rh8 50. Kg4 Kd6 51. Kh5 Ke5 52. Kg6 g4 53. Kg7 Rc8 54. h7 Kxe4 55. h8=Q Rxh8 56. Rxh8 Kxf5 57. Rh5+ Ke4 58. Kxf6 g3 59. Rxa5 g2 60. Rg5 1-0

[Event "XIX Najdorf Memorial 2019"]
[Site "Warsaw"]
[Date "2019.07.10"]
[Round "5.26"]
[White "Cieslak, Wiktoria"]
[Black "Siekanski, Janusz"]
[Result "0-1"]
[ECO "B81"]
[WhiteElo "2001"]
[BlackElo "2270"]
[Annotator "NA"]
[PlyCount "74"]
[EventDate "2019.07.06"]
[EventType "swiss"]
[EventCountry "POL"]
[SourceTitle "playchess.com"]
[Source "ChessBase"]
[SourceQuality "1"]
[TimeControl "40/5400+30:1800+30"]

1. e4 c5 2. Nf3 e6 3. d4 cxd4 4. Nxd4 Nf6 5. Nc3 d6 6. g4 Nc6 7. g5 Nd7 8. Be3 Be7 9. Rg1 O-O 10. Qh5 g6 11. Qh6 Nde5 12. O-O-O f6 13. gxf6 Bxf6 14. f4 Nxd4 15. Bxd4 Bg7 16. Qh3 Rxf4 17. Bxe5 Bxe5 18. Bc4 Qf6 19. Rgf1 Rxf1 20. Rxf1 Qe7 21. Qg4 Bd7 22. Ne2 b5 23. Bb3 Kh8 24. h4 a5 25. a3 a4 26. Ba2 b4 27. axb4 a3 28. c3 axb2+ 29. Kxb2 d5 30. exd5 exd5 31. Qg5 Qxb4+ 32. Bb3 Qe4 33. Nf4 Bf5 34. Qg2 Bxc3+ 35. Kxc3 Qe3+ 36. Kb2 Qd4+ 37. Kc1 Ra1# 0-1

[Event "XIX Najdorf Memorial 2019"]
[Site "Warsaw"]
[Date "2019.07.10"]
[Round "5.28"]
[White "Niedbala, Bartlomiej"]
[Black "Krstulovic, Alex"]
[Result "0-1"]
[ECO "D30"]
[WhiteElo "2152"]
[BlackElo "2360"]
[Annotator "NA RC"]
[PlyCount "102"]
[EventDate "2019.07.06"]
[EventType "swiss"]
[EventCountry "POL"]
[SourceTitle "playchess.com"]
[Source "ChessBase"]
[SourceQuality "1"]
[TimeControl "40/5400+30:1800+30"]

1. d4 d5 2. c4 e6 3. Nf3 Nf6 4. g3 dxc4 5. Qa4+ Nbd7 6. Qxc4 a6 7. a4 b5 8. Qc2 Bb7 9. Bg2 c5 10. O-O Rc8 11. axb5 axb5 12. Qb3 Qb6 13. Na3 Bc6 14. Rd1 c4 15. Qe3 Qb7 16. Ne1 Bxg2 17. Nxg2 b4 18. Nc2 Be7 19. Bd2 O-O 20. Nf4 b3 21. Ne1 Ne4 22. Ba5 Ndf6 23. f3 Nd6 24. Kg2 g5 25. Nh3 Nd5 26. Qd2 c3 27. Bxc3 Nc4 28. Qd3 Nce3+ 29. Kf2 Nxd1+ 30. Rxd1 Nxc3 31. bxc3 Qc6 32. Rb1 Qa4 33. c4 Rxc4 34. Qxb3 Qxb3 35. Rxb3 Rxd4 36. Nd3 Kg7 37. Rb7 Bf6 38. Nc5 Kg6 39. Ne4 Rd5 40. Nxf6 Kxf6 41. Ke3 Re5+ 42. Kf2 h6 43. Rb2 Kg6 44. Kg2 Rc8 45. Nf2 Rec5 46. Rb3 Rc3 47. Rb4 R8c4 48. Rb5 Rc2 49. Kf1 Rc1+ 50. Kg2 R4c2 51. Re5 Re1 0-1

[Event "XIX Najdorf Memorial 2019"]
[Site "Warsaw"]
[Date "2019.07.10"]
[Round "5.29"]
[White "Marczuk, Dominik"]
[Black "Lukasiewicz, Anna"]
[Result "1-0"]
[ECO "E98"]
[WhiteElo "2300"]
[BlackElo "2062"]
[Annotator "NA"]
[PlyCount "69"]
[EventDate "2019.07.06"]
[EventType "swiss"]
[EventCountry "POL"]
[SourceTitle "playchess.com"]
[Source "ChessBase"]
[SourceQuality "1"]
[TimeControl "40/5400+30:1800+30"]

1. d4 Nf6 2. c4 g6 3. Nc3 Bg7 4. e4 d6 5. Nf3 O-O 6. Be2 e5 7. O-O Nc6 8. d5 Ne7 9. Ne1 Nd7 10. Bd2 c6 11. Nd3 f5 12. f3 Nf6 13. b4 b5 14. Nf2 bxc4 15. dxc6 Nxc6 16. Bxc4+ Kh8 17. Bg5 Nxb4 18. Qa4 a5 19. a3 Ba6 20. Bb5 Bxb5 21. Nxb5 Na6 22. Rfd1 Nc5 23. Qc4 Nb7 24. Qc6 Qc8 25. Qxc8 Raxc8 26. Nxd6 Nxd6 27. Rxd6 Ne8 28. Ra6 Rf7 29. Rxa5 Rfc7 30. Rd1 h6 31. Bd8 Rc3 32. a4 Ra3 33. Ra6 Kh7 34. Re6 Nc7 35. Rc6 1-0